 Dungeon Crawl Stone Soup version 0.31-a0-1074-g0b22e4e0f1 (webtiles) character file.

Game seed: 4689822109513908247

4099 lunkers the Geomancer (level 10, -3/73 HPs)
             Began as a Meteoran Wanderer on Nov 27, 2023.
             Was a Follower of Ru.
             Slain by a blink frog (11 damage)
             ... on level 1 of the Lair of Beasts.
             The game lasted 00:13:52 (3755 turns).

lunkers the Geomancer (Meteoran Wanderer)           Turns: 3755, Time: 00:13:52

Health: -3/73      AC:  7    Str: 10    XL:     10   Next: 79%
Magic:  0/24       EV: 22    Int: 21    God:    Ru [*.....]
Gold:   375        SH:  0    Dex: 15    Spells: 23/27 levels left

rFire   . . .        a - staff of earth
rCold   . . .        (no shield)
rNeg    . . .        c - +0 robe
rPois   .            H - +1 helmet
rElec   .            d - +0 cloak
rCorr   .            p - +0 pair of gloves
SInv    .            u - +0 pair of boots
Will    +....        D - amulet of regeneration
Stlth   +            y - +5 ring of evasion
HPRegen 1.12/turn    z - +5 ring of evasion
MPRegen 0.19/turn

%: no passive effects
@: about to teleport, glowing
A: sense surroundings 2, inability to read after injury 2, otherworldly,
glowing, explore regen
a: Renounce Religion


You were on level 1 of the Lair of Beasts.
You worshipped Ru.
Ru was aware of your devotion.
You visited 3 branches of the dungeon, and saw 12 of its levels.

You collected 375 gold pieces.

Inventory:

Hand Weapons
 i - a +2 heavy mace
 E - a +0 dagger
Armour
 c - a +0 robe (worn)
 d - a +0 cloak (worn)
 p - a +0 pair of gloves (worn)
 u - a +0 pair of boots (worn)
 H - a +1 helmet (worn)
Magical Staves
 a - a staff of earth (weapon)
 G - the staff "Hueqof" {+Blink rElec rF- SInv Earth}
   (You found it on level 10 of the Dungeon)

   [staff of earth]

   Base accuracy: +5 Base damage: 5 Base attack delay: 1.2 This weapon's minimum
   attack delay (0.6) is reached at skill level 12.
   rF-:       It makes you vulnerable to fire.
   rElec:     It insulates you from electricity.
   SInv:      It lets you see invisible.
   +Blink:    It lets you blink.
   Earth:     It increases the power of your Earth spells.
   It falls into the 'Staves' category.
   It is a one-handed weapon.
Jewellery
 l - a ring of protection from fire
 m - a ring of positive energy
 o - a ring of positive energy
 v - a +6 ring of strength
 y - a +5 ring of evasion (left hand)
 z - a +5 ring of evasion (right hand)
 D - an amulet of regeneration (around neck)
 K - a ring of ice
Wands
 n - a wand of charming (7)
 C - a wand of digging (3)
 I - a wand of mindburst (9)
Scrolls
 b - 6 scrolls of vulnerability
 r - 4 scrolls of teleportation
 A - a scroll of fear
 J - a scroll of immolation
 L - a scroll of fog
Potions
 e - 4 potions of magic
 f - 2 potions of attraction
 g - a potion of invisibility {unknown}
 h - a potion of brilliance {unknown}
 j - a potion of heal wounds {unknown}
 k - a potion of might {unknown}
 q - a potion of mutation {unknown}
 s - a potion of berserk rage {unknown}
 t - a potion of haste {unknown}
 w - a potion of cancellation {unknown}
 x - 2 potions of lignification
 B - a potion of enlightenment {unknown}
 F - 2 potions of curing {unknown}


   Skills:
 + Level 2.2 Fighting
 + Level 2.3 Dodging
 + Level 9.3 Spellcasting
 * Level 10.3 Conjurations
 - Level 1.2 Fire Magic
 + Level 11.3 Earth Magic
 - Level 1.2 Invocations


You had 23 spell levels left.
You knew the following spells:

 Your Spells              Type           Power      Damage    Failure   Level
a - Stone Arrow           Conj/Erth      100%       3d13      1%          3
b - Sandblast             Erth           100%       2d20      1%          1

Your spell library contained the following spells:

 Spells                   Type           Power      Damage    Failure   Level
 Foxfire                  Conj/Fire      100%       2x1d9     1%          1
 Mephitic Cloud           Conj/Pois/Air  24%        N/A       4%          3
 Flame Wave               Conj/Fire      34%        2d10      6%          4
 Sticky Flame             Conj/Fire      34%        2d5       6%          4
 Sting                    Tmut/Pois      36%        1d4       7%          1
 Animate Armour           Summ/Erth      100%       N/A       7%          4
 Ensorcelled Hibernation  Hex/Ice        18%        N/A       11%         2
 Jinxbite                 Hex            18%        N/A       11%         2
 Lesser Beckoning         Tloc           18%        N/A       11%         2
 Poisonous Vapours        Pois/Air       18%        N/A       11%         2
 Inner Flame              Hex/Fire       12%        N/A       16%         3
 Ignite Poison            Fire/Tmut/Pois 11%        N/A       19%         3
 Gell's Gravitas          Tloc           9%         N/A       21%         3
 Teleport Other           Tloc           9%         N/A       21%         3
 Freezing Cloud           Conj/Ice/Air   12%        6-21      43%         5
 Anguish                  Hex/Necr       4%         N/A       56%         4
 Olgreb's Toxic Radiance  Pois           9%         N/A       56%         4
 Starburst                Conj/Fire      17%        6d6       69%         6
 Summon Forest            Summ/Tloc      4%         N/A       88%         5
 Eringya's Noxious Bog    Tmut/Pois      4%         4d6       100%        6
 Plasma Beam              Fire/Air       6%         2x1d16    100%        6
 Summon Hydra             Summ           4%         N/A       100%        7
 Chain Lightning          Conj/Air       15%        3d20      100%        9
 Fire Storm               Conj/Fire      17%        8d4       100%        9
 Shatter                  Erth           36%        3d29*     100%        9


Dungeon Overview and Level Annotations

Branches:
Dungeon (10/15) Zot: 2241  Temple (1/1) D:6 Zot: 567    Lair (1/5) D:10 Zot: 556
    Orc: D:9-12

Altars:
Ashenzari
Cheibriados
Elyvilon
Fedhas
Gozag
Hepliaklqana
Kikubaaqudgha
Nemelex Xobeh
Okawaru
Qazlal
Ru
Sif Muna
Uskayaw
Vehumet
Wu Jian
Xom
Zin

Shops:
D:5 *   D:6 =   D:8 (   D:10 *

Annotations:
D:7 1 transporter, croobank's ghost, novice DsHs


Innate Abilities, Weirdness & Mutations

You passively map the area around you.
You sometimes lose the ability to read scrolls when taking damage.
You are easily found by Zot.
You glow in the dark.
You regain HP and MP as you explore.


Message History

Press: ? - help, Shift-Dir - straight line, f/p - blink frog
Aim: a blink frog (almost dead, chance to affect: 47%)
The blink frog resists with some effort.
The blink frog misses you.
The blink frog blinks!
The blink frog hits you!
* * * LOW HITPOINT WARNING * * *
The blink frog blinks!
The blink frog barely misses you.
Aiming: Mindburst
Press: ? - help, Shift-Dir - straight line, f - blink frog
Aim: a blink frog (chance to affect: 47%)
The blink frog's mind is blasted!!
The blink frog blinks!
The blink frog closely misses you.
Unknown command.
Unknown command.
Aiming: Mindburst
Press: ? - help, Shift-Dir - straight line, f/p - blink frog
Aim: a blink frog (heavily wounded, chance to affect: 47%)
The blink frog resists with some effort.
The blink frog misses you.
The blink frog blinks!
The blink frog begins to attack, but is stunned by your conviction!
The blink frog completely misses you.
Unknown command.
Unknown command.
Aiming: Sandblast (safe; 1% risk of failure)
Press: ? - help, Q - select action, (/) - cycle Shift-Dir - straight line, f - blink frog, p - blink frog
Aim: a blink frog (almost dead, 74% to hit)
You feel a surge of power!
The blast of sand hits the blink frog!
The blink frog is almost dead.
* * * LOW MAGIC WARNING * * *
The blink frog hits you!
* * * LOW HITPOINT WARNING * * *
You redirect the blink frog's attack!
The blink frog blinks!
You redirect the blink frog's attack!
The blink frog hits you!
* * * LOW HITPOINT WARNING * * *
You hear a croak.
Unknown command.
As you read the scroll of teleportation, it crumbles to dust.
You feel strangely unstable. The blink frog hits you!
You die...

***, , * $.... , #...#
#########P# * * #F..F,
#.........., ,#.8.# #
#..<..>.... * *,.##
#§.§..####..........* ,
....#...#.#.##..........
*, #.....###FFF.........
, #+..##.+@#..........+
#...†FF§##.......... , *
#..#######.......... ##.
####.....##* * #. *
*.##..# ## * * ..,.., *
* * .. ,, , *, , * ,


You could see 5 blink frogs.

Vanquished Creatures
  2 komodo dragons (Lair:1)
  3 blink frogs (Lair:1)
  2 wyverns (D:9)
  4 vampire mosquitoes (D:10)
  Menkaure (D:6)
  A water moccasin (D:9)
  An orc warrior (D:7)
  A sky beast (D:7)
  2 black bears
  A phantom (D:5)
  3 scorpions
  3 wights (D:8)
  10 killer bees
  2 lava snakes (D:9)
  2 hounds
  2 jellies
  A gnoll bouda (D:4)
  4 orc priests
  3 iguanas
  Natasha (twice) (D:2)
  3 orc wizards
  8 adders
  11 gnolls
  A white imp (D:6)
  3 worms
  4 dart slugs
  18 orcs
  5 bats
  3 endoplasms
  3 giant cockroaches
  10 goblins
  2 hobgoblins (D:1)
  3 kobolds
  4 quokkas
  A ball python (D:2)
  4 frilled lizards (D:1)
  6 rats
139 creatures vanquished.

Notes
Turn   | Place    | Note
-------+----------+-------------------------------------------
     0 | D:1      | lunkers the Meteoran Wanderer began the quest for the Orb.
     0 | D:1      | lunkers set off with the following items: a +0 dagger, a
                  | scroll of vulnerability, a +0 robe, a +0 cloak; and the
                  | following spells available to memorise: Sandblast, Foxfire,
                  | Stone Arrow, Ignite Poison, Animate Armour.
     0 | D:1      | Reached XP level 1. HP: 16/16 MP: 5/5
     2 | D:1      | Learned a level 1 spell: Sandblast
    65 | D:1      | Found a faded altar of an unknown god.
   182 | D:1      | Reached skill level 5 in Earth Magic
   189 | D:1      | Reached XP level 2. HP: 23/23 MP: 3/6
   320 | D:1      | Reached XP level 3. HP: 28/28 MP: 6/8
   487 | D:1      | Glimpsed the power of Zot.
   543 | D:2      | Reached XP level 4. HP: 35/35 MP: 6/10
   572 | D:2      | Reached skill level 6 in Earth Magic
   656 | D:2      | Noticed Natasha
   661 | D:2      | Killed Natasha
   662 | D:2      | Reached XP level 5. HP: 33/40 MP: 6/11
   801 | D:2      | Noticed Natasha
   804 | D:2      | Killed Natasha
  1178 | D:3      | Noticed a moth of wrath
  1248 | D:4      | Reached skill level 7 in Earth Magic
  1248 | D:4      | Reached XP level 6. HP: 40/47 MP: 9/13
  1259 | D:4      | Learned a level 3 spell: Stone Arrow
  1328 | D:4      | Noticed a black bear
  1335 | D:4      | Killed a black bear
  1336 | D:4      | Reached skill level 5 in Spellcasting
  1339 | D:4      | Reached skill level 8 in Earth Magic
  1339 | D:4      | Reached XP level 7. HP: 33/52 MP: 7/15
  1631 | D:5      | Entered Level 5 of the Dungeon
  1637 | D:5      | You fall into a shaft and drop 1 floor!
  1664 | D:6      | Found Lusacaor's Jewellery Shop.
  1711 | D:6      | Found a staircase to the Ecumenical Temple.
  1729 | Temple   | Entered the Ecumenical Temple
  1745 | Temple   | Became a worshipper of Ru the Awakened
  1887 | D:5      | Reached skill level 1 in Conjurations
  1912 | D:5      | Reached XP level 8. HP: 59/59 MP: 13/17
  2040 | D:5      | Found Zin's Purification Station.
  2043 | D:5      | Found a glowing silver altar of Zin.
  2151 | D:5      | Reached skill level 9 in Earth Magic
  2312 | D:6      | Noticed Menkaure
  2314 | D:6      | Killed Menkaure
  2577 | D:7      | Reached skill level 5 in Conjurations
  2598 | D:7      | Gained mutation: You passively map the area around you.
                  | [Meteoran growth]
  2598 | D:7      | Reached XP level 9. HP: 64/64 MP: 11/20
  2676 | D:7      | Gained mutation: You occasionally lose the ability to read
                  | scrolls when taking damage. [Ru sacrifice]
  2676 | D:7      | Gained mutation: You sometimes lose the ability to read
                  | scrolls when taking damage. [Ru sacrifice]
  2676 | D:7      | Reached * piety under Ru
  2682 | D:7      | Noticed croobank's ghost (novice DsHs)
  2713 | D:7      | Found a transporter.
  2840 | D:8      | Reached skill level 10 in Earth Magic
  2898 | D:8      | Found an iron altar of Okawaru.
  2898 | D:8      | Found a broken altar of Ashenzari.
  2898 | D:8      | Found a hazy altar of Hepliaklqana.
  3120 | D:8      | Found Eqoucore's Hydra Hut.
  3121 | D:8      | Noticed a four-headed hydra
  3467 | D:10     | Entered Level 10 of the Dungeon
  3473 | D:10     | Reached XP level 10. HP: 71/71 MP: 13/23
  3489 | D:10     | Identified the staff "Hueqof" {+Blink rElec rF- SInv Earth}
  3601 | D:10     | Found Suwkoa Lodi's Assorted Antiques.
  3625 | D:10     | Found a staircase to the Lair.
  3714 | Lair:1   | Entered Level 1 of the Lair of Beasts
  3714 | Lair:1   | Noticed a komodo dragon
  3718 | Lair:1   | Killed a komodo dragon
  3719 | Lair:1   | Reached skill level 11 in Earth Magic
  3731 | Lair:1   | Noticed a komodo dragon
  3740 | Lair:1   | Reached skill level 10 in Conjurations
  3746 | Lair:1   | Killed a komodo dragon
  3755 | Lair:1   | Slain by a blink frog

Illustrated notes

Levels and vault maps discovered:
D:1:      dpeg_arrival_rhombi, layout_loops_cross,
          shapermc_ecumenical_altar_mp_vishouse
D:2:      layout_rooms, solitary_fountain, minmay_tromino_v4_b, uniq_natasha
D:3:      layout_loops_cross, tgw_trog, grunt_ministairs_12
D:4:      layout_loops_ring
D:5:      layout_rooms, zin_purify, nrook_loot_triangle
D:6:      layout_loops_cross, minmay_temple_entry_junction_2, serial_shops,
          shop, minmay_mini_ossuary, uniq_menkaure
D:7:      layout_rooms, gammafunk_ghost_smash
D:8:      layout_basic, gammafunk_temple_overflow_claw, minmay_misc_feat_alley,
          doesnt_shop_hydraphobe
D:9:      layout_long_grid, nicolae_overflow_hidden_temple,
          kennysheep_flooded_box, uniq_psyche
D:10:     layout_roguey, lair_entry_dummy, serial_shops, shop, hex_medium,
          corexii_hall_statues_l, wad_floor_pattern_untrapped,
          kennysheep_generic_room_4, uniq_urug
Temple:   dshaligram_water_room_temple
Lair:1:   layout_roguey, grunt_megastairs_1

Skill      XL: |  1  2  3  4  5  6  7  8  9 10 |
---------------+-------------------------------+-----
Earth Magic    | 5 6 7 8 9 10 11 | 11.3
Spellcasting   | 3 4 5 7 8 9 |  9.3
Conjurations   | 2 5 8 10 | 10.3
Fighting       | 2 |  2.2
Dodging        | 2 |  2.3
Fire Magic     | |  1.2
Invocations    | |  1.2

Action                     |  1- 3 |  4- 6 |  7- 9 | 10-12 || total
---------------------------+-------+-------+-------+-------++-------
  Melee: Staff             |       |       |       |     2 ||     2
   Cast: Sandblast         |    34 |    55 |    54 |     9 ||   152
         Stone Arrow       |       |       |    53 |    29 ||    82
 Invoke: Sacrifice Words   |       |       |     1 |       ||     1
  Evoke: Wand              |       |       |       |     3 ||     3
    Use: Scroll            |       |     4 |     6 |     1 ||    11
 Armour: Robe              |     8 |    14 |    14 |    27 ||    63
  Dodge: Dodged            |     4 |    13 |    33 |    66 ||   116

Table legend: (Time is in decaauts)
 A = Elapsed time spent in this place.
 B = Non-inter-level travel time spent in this place.
 C = Inter-level travel time spent in this place.
 D = Time resting spent in this place.
 E = Time spent auto-exploring this place.
 F = Levels seen in this place.
 G = Mean time per level.
                   A        B        C        D        E       F      G
               +--------+--------+--------+--------+--------+-----+--------+
         Total |   3833 |   3640 |    193 |    100 |   2654 |  12 |  319.4 |
       Dungeon |   3758 |   3572 |    186 |    100 |   2642 |  10 |  375.8 |
        Temple |     32 |     25 |      7 |      0 |      0 |   1 |   32.0 |
          Lair |     42 |     42 |      0 |      0 |     12 |   1 |   42.0 |
               +--------+--------+--------+--------+--------+-----+--------+

Top non-repeatable levels by time:
     D:1: 529 daAuts
     D:5: 465 daAuts
     D:6: 426 daAuts
     D:4: 405 daAuts
     D:3: 378 daAuts
     D:2: 371 daAuts
     D:8: 365 daAuts
     D:9: 294 daAuts
     D:7: 288 daAuts
    D:10: 233 daAuts
  Lair:1: 42 daAuts
  Temple: 32 daAuts
